 Seeded DCSS version 0.29-a0-468-ge57f7f99b4 (webtiles) character file.

Game seed: 6774861435536819975 (custom seed)

53 bwicke the Sneak (level 3, 0/16 HPs)
             Began as a Vine Stalker Enchanter on May 22, 2022.
             Succumbed to a kobold's poison
             ... on level 2 of the Dungeon.
             The game lasted 00:05:05 (1760 turns).

bwicke the Sneak (Vine Stalker Enchanter)           Turns: 1760, Time: 00:05:06

Health: 0/16       AC:  2    Str: 10    XL:     3   Next: 89%
Magic:  2/7        EV: 12    Int: 17    God:
Gold:   66         SH:  0    Dex: 14    Spells: 1/6 levels left

rFire   + . .      SeeInvis .   a - +1 dagger
rCold   . . .      Faith    .   (no shield)
rNeg    . . .      Spirit   +   b - +0 robe
rPois   .          Reflect  .   (no helmet)
rElec   .          Harm     .   (no cloak)
rCorr   .          Rampage  .   (no gloves)
Will    .....                   (no boots)
Stlth   +++.......              (no amulet)
HPRegen 0.05/turn               l - ring of protection from fire
MPRegen 0.10/turn               (no ring)

@: lethally poisoned (0 -> -9), hasted, invisible, very quick
A: fangs 2, magic shield, antimagic bite, no potion heal 2
a: no special abilities


You were on level 2 of the Dungeon.
You visited 1 branch of the dungeon, and saw 2 of its levels.

You collected 66 gold pieces.

Inventory:

Hand Weapons
 a - a +1 dagger (weapon)
 f - a +0 hand axe
Missiles
 d - 6 poisoned darts
 e - 4 atropa-tipped darts
 k - 2 throwing nets
Armour
 b - a +0 robe (worn)
Jewellery
 l - a ring of protection from fire (left hand)
Scrolls
 g - a scroll of identify {unknown}
 i - a scroll of teleportation {unknown}
Potions
 c - a potion of invisibility


   Skills:
 - Level 0.8 Short Blades
 - Level 1.5 Dodging
 + Level 6.0 Stealth
 - Level 2.1 Spellcasting
 - Level 3.0 Hexes


You had one spell level left.
You knew the following spells:

 Your Spells              Type           Power      Damage    Failure   Level
a - Ensorcelled Hibernat  Hex/Ice        12%        N/A       16%         2
b - Confusing Touch       Hex            12%        N/A       17%         3

Your spell library contained the following spells:

 Spells                   Type           Power      Damage    Failure   Level
 Tukima's Dance           Hex            12%        N/A       17%         3
 Dazzling Flash           Conj/Hex       12%        N/A       30%         3


Dungeon Overview and Level Annotations

Branches:
Dungeon (2/15)

Altars:

Annotations:
D:2 Sigmund


Innate Abilities, Weirdness & Mutations

You have extremely sharp teeth.
When hurt, damage is shared between your health and your magic reserves.
Your bite disrupts and absorbs the magic of your enemies.
Potions cannot restore your health.


Message History

A kobold comes into view.
It is wielding a +2 short sword of venom.
Sigmund mumbles some strange words.
Sigmund flickers and vanishes!
Deactivating autopickup; reactivate with Ctrl-A.
You are confused.
It was a potion of heal wounds.
That seemed strangely inert.
You bump into the rock wall.
Something tries to affect you, but you resist.
You're too confused to move!
You bump into the rock wall.
You feel less confused.
You hear some strange, mumbled words.
You are confused.
You're too confused to move!
You bump into the rock wall.
Something hits you!
You feel less confused.
Okay, then.
Unknown command.
Okay, then.
Unknown command.
You fade into invisibility!
You hear some strange, mumbled words.
Something tries to affect you, but you resist.
Press: ? - help, v - describe, . - travel The floor, spattered with blood.
A rat comes into view.
The helpless rat fails to defend itself.
You impale the rat!!
You kill the rat!
The kobold shouts!
There is an open door here.
The kobold hits you with a +2 short sword of venom.
You are lethally poisoned!
You catch the helpless kobold completely off-guard!
You puncture the kobold!
You kill the kobold!
* * * LOW HITPOINT WARNING * * *
You feel very sick.
It was a potion of haste.
You feel yourself speed up.
You die...

.##### ##.## ##.##
.# #.# #.# .# #.#
#.# ..# ##'#
###.### ..# ##...#
#.....# ..#
#.....# ##.....#
... .......##
#......# ....
........###......#
.....
......)@'......†.#
....##
........###....###
.......##
#.......# #.....#
#..####.# ##...#
#... # ##'# ##.##
#. #.# # #.# #..


There were no monsters in sight!

Vanquished Creatures
  Natasha (D:2)
  5 bats
  3 endoplasms (D:1)
  3 giant cockroaches (D:1)
  3 goblins (D:1)
  2 quokkas (D:1)
  5 ball pythons
  A frilled lizard (D:1)
  4 kobolds
  3 rats
30 creatures vanquished.

Notes
Turn   | Place    | Note
-------+----------+-------------------------------------------
     0 | D:1      | bwicke the Vine Stalker Enchanter began the quest for the
                  | Orb.
     0 | D:1      | Reached XP level 1. HP: 9/9 MP: 4/4
   217 | D:1      | Reached skill level 4 in Stealth
   290 | D:1      | Reached XP level 2. HP: 9/13 MP: 3/6
   852 | D:1      | Reached skill level 5 in Stealth
   910 | D:1      | Found a faded altar of an unknown god.
  1169 | D:1      | Reached XP level 3. HP: 16/16 MP: 7/7
  1401 | D:1      | Learned a level 2 spell: Ensorcelled Hibernation
  1405 | D:1      | Learned a level 3 spell: Confusing Touch
  1450 | D:2      | Noticed Natasha
  1459 | D:2      | Killed Natasha
  1583 | D:2      | Reached skill level 6 in Stealth
  1696 | D:2      | Noticed Sigmund
  1760 | D:2      | Succumbed to a kobold's poison

Illustrated notes

Levels and vault maps discovered:
D:1:      nzn_arrival_water_spiral, layout_basic, basic_ecumenical_altar
D:2:      layout_loops_corners, uniq_natasha, uniq_sigmund

Skill      XL: |  1  2  3 |
---------------+----------+-----
Stealth        | 4 5 6 |  6.0
Short Blades   | |  0.8
Dodging        | |  1.5
Spellcasting   | |  2.1
Hexes          | |  3.0

Action                   || total
-------------------------++-------
Melee: Dagger            ||    64
       Bite              ||     8
 Cast: Ensorcelled Hiber ||     3
  Use: Potion            ||     3
 Stab: Sleeping          ||    10
       Invisible         ||     1
Armor: Robe              ||    12
Dodge: Dodged            ||    27

Table legend: (Time is in decaauts)
 A = Elapsed time spent in this place.
 B = Non-inter-level travel time spent in this place.
 C = Inter-level travel time spent in this place.
 D = Time resting spent in this place.
 E = Time spent auto-exploring this place.
 F = Levels seen in this place.
 G = Mean time per level.
                   A        B        C        D        E       F      G
               +--------+--------+--------+--------+--------+-----+--------+
         Total |   1757 |   1720 |     37 |      0 |   1372 |   2 |  878.5 |
       Dungeon |   1757 |   1720 |     37 |      0 |   1372 |   2 |  878.5 |
               +--------+--------+--------+--------+--------+-----+--------+

Top non-repeatable levels by time:
     D:1: 1440 daAuts
     D:2: 316 daAuts
